 Dungeon Crawl Stone Soup version 0.14-a0-586-g2535b90 (webtiles) character file.

186086 Malachi the Necromancer (level 17, 0/116 HPs)
             Began as a Lava Orc Necromancer on Nov 3, 2013.
             Was the Champion of Kikubaaqudgha.
             Killed from afar by a wretched star (18 damage)
             ... with an orb of energy
             ... on Level 1 of the Abyss.
             The game lasted 02:52:21 (40862 turns).

Malachi the Necromancer (Lava Orc Necromancer)     Turns: 40862, Time: 02:52:21

HP   0/116       AC 17     Str 12      XL: 17   Next: 36%
MP  25/25        EV  8     Int 27 (30) God: Kikubaaqudgha [******]
Gold 3080        SH 28     Dex  7      Spells:  8 memorised, 11 levels left

Res.Fire  : + + +   See Invis. : .   A - +5,+6 whip (pain)
Res.Cold  : . . .   Warding    : .   z - +5 scale mail of Beogh's Castigation {Int+4}
Life Prot.: . . .   Conserve   : .   f - +3 shield {reflect}
Res.Poison: +       Res.Corr.  : +   J - +0 wizard hat {Int+3}
Res.Elec. : .       Clarity    : .   F - +2 cloak {rPois}
Sust.Abil.: . .     Spirit.Shd : .   l - +1 pair of gloves
Res.Mut.  : .       Stasis     : .   (no boots)
Res.Rott. : .       Flight     : .   p - amulet of resist corrosion
Saprovore : + . .                    t - ring "Qesi" {rC+ Str+1 Int+3}
                                     V - +0,+5 ring of slaying

@: regenerating, somewhat resistant to hostile enchantments, extremely
unstealthy
A: blurry vision 2, conserve scrolls, deformed body, deterioration 3, fast
metabolism 1, -10% hp, -20% mp, saprovore 1, slow healing 1, slow metabolism 1,
Str -2, Dex -4
a: Receive Corpses, Torment, Renounce Religion
}: 1/15 runes: gossamer


You were on level 1 of the Abyss.
You worshipped Kikubaaqudgha.
Kikubaaqudgha was exalted by your worship.
You were full.

You visited 5 branches of the dungeon, and saw 33 of its levels.
You visited the Abyss 2 times.
You also visited: Sewer and Ice Cave.

You collected 3374 gold pieces.
You spent 294 gold pieces at shops.

Inventory:

Hand weapons
 A - a +5,+6 whip of pain (weapon)
Armour
 f - a +3 shield of reflection (worn)
 l - a +1 pair of gloves (worn)
 z - the +5 scale mail of Beogh's Castigation (worn) {Int+4}
   (You found it on level 7 of the Dungeon)

   It affects your intelligence (+4).
 F - a +2 cloak of poison resistance (worn)
 J - a +0 wizard hat of intelligence (worn)
 W - a +2 cloak of magic resistance
Comestibles
 c - 7 meat rations
 n - 7 bread rations
 u - 3 pieces of ambrosia
 S - a honeycomb
Scrolls
 w - 4 scrolls of fear
 M - 4 scrolls of fog
 O - 13 scrolls of teleportation
 R - 3 scrolls of blinking
 U - 2 scrolls of magic mapping
Jewellery
 a - an uncursed ring of ice
 b - an uncursed ring of protection from magic
 d - an uncursed ring of sustain abilities
 i - an uncursed amulet of warding {unknown}
 o - an uncursed ring of magical power
 p - an amulet of resist corrosion (around neck)
 r - an uncursed amulet of conservation
 s - an uncursed ring of ice
 t - the ring "Qesi" (right hand) {rC+ Str+1 Int+3}
   (You found it on level 8 of the Dungeon)

   [ring of protection from cold]

   It affects your strength (+1).
   It affects your intelligence (+3).
 x - a cursed amulet of stasis
 y - an uncursed ring of protection from cold
 B - an uncursed ring of teleport control
 C - an uncursed ring of sustain abilities
 E - a +3 ring of protection {unknown}
 K - an uncursed ring of regeneration {unknown}
 V - a +0,+5 ring of slaying (left hand)
 Y - an uncursed amulet of resist mutation {unknown}
Potions
 e - a potion of flight
 D - 4 potions of curing
 I - 3 potions of magic
 L - 3 potions of might
 N - 2 potions of porridge
 P - 3 potions of invisibility
 Q - 3 potions of restore abilities
Rods
 h - a +1 rod of the swarm (11/11)
   (You found it on level 5 of the Spider Nest)
 j - a +4 rod of fiery destruction (12/12)
   (You found it in an ice cave)
 q - a +1 rod of striking (9/9)
   (You found it on level 3 of the Dungeon)


   Skills:
 + Level 8.3 Fighting
 + Level 11.4 Maces & Flails
 * Level 13.2 Armour
 - Level 2.1 Dodging
 - Level 1.9 Stealth
 - Level 15.3 Shields
 - Level 8.1 Spellcasting
 - Level 3.4 Charms
 + Level 17.6 Necromancy
 - Level 2.6 Evocations


You had 11 spell levels left.
You knew the following spells:

 Your Spells              Type           Power        Failure   Level  Hunger
a - Pain                  Necr           ####         0%          1    None
b - Vampiric Draining     Necr           #######...   1%          3    None
c - Regeneration          Chrm/Necr      ######....   1%          3    None
d - Swiftness             Chrm/Air       ###.......   17%         2    None
e - Animate Dead          Necr           N/A          1%          4    ##.....
f - Sublimation of Blood  Necr           #######...   1%          2    None
g - Dispel Undead         Necr           #######.     1%          5    ####...
h - Apportation           Tloc           ##........   21%         1    None


Dungeon Overview and Level Annotations

Branches:
Dungeon (15/27)            Temple (1/1) D:7             Orc (4/4) D:10
    Elf (0/3) Orc:3          Lair (8/8) D:9           Swamp (0/5) Lair:5
 Spider (5/5) Lair:5        Slime (0/6) Lair:8
 Vaults: D:15-20

Altars:
Ashenzari
Cheibriados
Elyvilon
Fedhas
Kikubaaqudgha
Makhleb
Nemelex Xobeh
Okawaru
Sif Muna
Trog
Vehumet
Xom
Yredelemnul
Zin
Beogh

Shops:
D:5 [   D:7 }   Orc:3 /   Orc:4 [(%[(

Annotations:
D:5 exclusion: statue
D:10 Maurice, Sonja
D:15 Louise


Innate Abilities, Weirdness & Mutations

You have stony skin.
Your flesh is almost immune to the effects of heat.
Your fire spells are more powerful.
Your flesh is vulnerable to cold.
Your heat harms attackers.
You bathe your surroundings in blazing heat.
You are too hot to use scrolls.
You are very good at protecting items from fire.
You can tolerate rotten meat.
You have a slow metabolism.
[Your vision is quite blurry.]
[You are very clumsy. (Dex -4)]
[Armour fits poorly on your strangely shaped body.]
[Your body is rapidly deteriorating.]
[You have a fast metabolism.]
[You are frail (-10% HP).]
[Your magical capacity is very low (-20% MP).]
[You heal slowly when monsters are visible.]
[You are weak. (Str -2)]


Message History

* * * LOW HITPOINT WARNING * * *
A shadow comes into view.
The shadow slips into darkness!
Deactivating autopickup; reactivate with Ctrl-A.
The wretched star pulses with an eldritch light!
Your vision blurs.
You feel a little hungry.
You feel frail.
Your vision blurs.
A neqoxec comes into view.
The wretched star glows turbulently.
The orb of energy hits you!
* * * LOW HITPOINT WARNING * * *
The orb of energy explodes!
The wretched star glows turbulently.
The orb of energy hits you!
* * * LOW HITPOINT WARNING * * *
The neqoxec gestures at you.
Something tries to feed on your intellect!
The wretched star glows turbulently.
The orb of energy hits you!
You die...
Kikubaaqudgha rasps: "You have failed me!
Welcome... death!"

#. ## . .# # #. ###
Z.... .#. # ..
.....# .# #. #.# ##
...#..# #.#..
.###.#...#
X..######......# .#
#.#...X.##. #.#...
#@##.#..## .###..
#...#.#..# ##.#.*
..#...*....# ..#.
..#....#.##X.#.#X.#
###......z#..# #..
#3##...#z##.#. ##
#...##.....#.#.#
#..#..#..........
...#....#..# .. .


You could see a starcursed mass, a wretched star, a skeletal warrior, a large
abomination and a neqoxec.

Vanquished Creatures
  Saint Roka (Orc:3)
  Agnes (D:15)
  Donald (Orc:3)
  Wiglaf (Spider:5)
  2 ghost moths (Spider:5)
  4 emperor scorpions
  A cacodemon (Abyss:1)
  Gastronok (Lair:1)
  An eidolon (D:13)
  A white draconian (IceCv)
  Snorg (Spider:1)
  2 dragons
  2 hydras
  The ghost of JacquesDerrida the Martial Artist, a powerful DsAr of Nemelex Xobeh (Lair:3)
  Erica (D:12)
  3 death yaks (Lair:8)
  Urug (Orc:4)
  An orc high priest (Orc:4)
  A hell knight (Abyss:1)
  Nergalle (Lair:4)
  A centaur warrior (D:15)
  Erolcha (D:10)
  A catoblepas (Lair:8)
  Pikel (D:7)
  An ironbrand convoker (D:14)
  4 hill giants
  A stone giant zombie (D:14)
  2 cyclopes
  14 wolf spiders
  3 orc sorcerers
  A griffon (Lair:2)
  4 elephants (Lair:8)
  9 red wasps
  A moth of suppression (Spider:5)
  A queen ant (Spider:2)
  A spriggan druid (Lair:5)
  3 black mambas
  6 spiny frogs
  A naga mage (Abyss:1)
  An elf (shapeshifter) (D:14)
  2 fire drakes (Lair:7)
  5 demonic crawlers
  23 jumping spiders
  2 two-headed ogres
  12 polar bears (IceCv)
  8 komodo dragons
  6 orb spiders
  6 trolls
  2 giant leeches (Lair:5)
  27 blink frogs
  7 boulder beetles
  2 hydra skeletons
  A trapdoor spider zombie (Spider:5)
  13 slime creatures (D:14)
  5 spectral orcs (Lair:4)
  6 ugly things (D:14)
  2 basilisks
  4 grizzly bears
  23 redbacks
  4 wraiths (D:13)
  16 tarantellas
  A starcursed mass (Abyss:1)
  40 yaks
  A griffon skeleton (D:14)
  2 elephant slugs
  A neqoxec (Abyss:1)
  A wyvern (D:10)
  8 trapdoor spiders
  6 hippogriffs
  A steam dragon (Lair:6)
  Grum (Orc:4)
  2 sharks
  3 hungry ghosts
  2 vampire mosquitoes (D:12)
  A hill giant skeleton (D:13)
  A rock worm (Spider:5)
  A mottled dragon (D:12)
  Menkaure (D:7)
  17 wolves
  3 small abominations (Abyss:1)
  20 soldier ants
  4 phantoms
  36 orc warriors
  11 porcupines
  4 ice beasts
  A freezing wraith (D:13)
  5 giant goldfish
  2 sky beasts
  2 black bears
  4 yellow wasps
  An elephant zombie (Lair:8)
  2 blink frog zombies (Lair:5)
  14 ogres
  A boring beetle (Lair:6)
  3 wargs
  Sigmund (D:3)
  9 centaurs
  8 big kobolds
  7 giant slugs
  8 water moccasins
  Blork the orc (D:7)
  4 agate snails
  13 giant frogs
  12 crocodiles
  A yaktaur skeleton (D:12)
  An eye of draining (D:14)
  A hippogriff zombie (D:9)
  10 jellyfish
  4 yak zombies
  2 polar bear zombies (IceCv)
  21 killer bees
  16 electric eels
  A quasit (D:13)
  3 wights (D:7)
  2 human skeletons (Lair:8)
  2 jellies
  21 spiders
  6 goliath beetles
  7 big fish
  A centaur zombie (D:8)
  A giant frog zombie (D:12)
  2 two-headed ogre zombies
  9 crimson imps
  16 hounds
  Crazy Yiuf (D:7)
  31 orc priests
  2 water moccasin zombies
  7 scorpions
  A warg zombie (Orc:4)
  34 orc wizards
  27 worker ants
  7 iguanas
  6 sheep (Lair:2)
  A brain worm zombie (D:12)
  Ijyb (D:7)
  A big kobold skeleton (D:10)
  A crocodile skeleton (Lair:8)
  A spider zombie (Spider:1)
  A mummy (D:11)
  2 worker ant zombies (Spider:2)
  5 gnolls
  6 green rats
  23 adders
  2 giant centipedes
  4 giant mites
  13 worms
  An adder zombie (D:7)
  A giant centipede zombie (Spider:1)
  A scorpion zombie (D:9)
  An adder skeleton (D:8)
  A grey rat (Sewer)
  A giant eyeball (D:4)
  8 giant geckos
  193 orcs
  A bat zombie (D:13)
  7 giant cockroaches
  25 hobgoblins
  27 kobolds
  14 quokkas
  4 ball pythons
  31 bats
  2 giant newts
  A giant spore (D:10)
  24 goblins
  2 hobgoblin skeletons (D:4)
  A hobgoblin zombie (D:5)
  15 jackals
  An orc skeleton (D:10)
  6 orc zombies
  22 rats
  2 rat zombies (Lair:6)
  10 ballistomycetes
  2 fungi
  A plant (Lair:8)
1236 creatures vanquished.

Vanquished Creatures (collateral kills)
  Arachne (Spider:5)
  A ghost moth (Spider:5)
  A dire elephant (Lair:8)
  A vault guard (D:14)
  Fannar (D:15)
  6 hydras
  A deep troll shaman (Lair:8)
  2 death yaks
  8 wolf spiders
  A griffon (Lair:8)
  2 red wasps
  3 elephants (Lair:8)
  A vault sentinel (D:14)
  2 black mambas
  A spiny frog (Lair:3)
  8 demonic crawlers
  4 yellow wasps
  5 jumping spiders
  14 orb spiders
  A fire drake (Lair:7)
  A polar bear (IceCv)
  A two-headed ogre (D:13)
  2 blink frogs (Lair:8)
  A troll (D:9)
  18 trapdoor spiders
  A wandering mushroom (Lair:6)
  2 boulder beetles
  2 basilisks
  7 redbacks
  2 sharks (D:9)
  7 tarantellas
  4 yaks
  An elephant slug (Lair:1)
  2 hippogriffs
  4 wolves
  A hill giant skeleton (D:9)
  A vampire mosquito (D:12)
  A phantom (D:9)
  5 orc warriors
  2 porcupines (Lair:4)
  An ogre (D:13)
  4 giant goldfish
  5 crocodiles
  4 water moccasins
  2 wargs
  2 giant frogs
  2 giant slugs
  An agate snail (Lair:8)
  A jellyfish (Spider:4)
  A big fish (D:10)
  A giant frog zombie (D:12)
  A crimson imp (D:14)
  A goliath beetle (D:10)
  11 spiders
  3 orc priests (Orc:4)
  2 orc wizards
  A worker ant zombie (D:11)
  3 adders
  5 green rats (Lair:1)
  A worm (Spider:3)
  A giant centipede (Lair:1)
  A giant eyeball (D:12)
  A giant gecko (Lair:1)
  13 orcs
  2 goblins
  A hobgoblin (D:10)
  A quokka (Lair:4)
  5 bats
  3 orc zombies (Orc:4)
  A rat (Lair:1)
  A spectral orc (Lair:4)
  A fungus (Lair:7)
  2 plants (Lair:8)
214 creatures vanquished.

Vanquished Creatures (others)
  Nikola (Spider:1)
  3 wolf spider zombies (Spider:5)
  An elephant slug zombie (Lair:1)
  A smoke demon (Abyss:1)
  2 death yak zombies
  2 orb spiders
  3 redback zombies
  A polar bear (IceCv)
  A demonic crawler zombie (Spider:4)
  A trapdoor spider zombie (Spider:5)
  6 tarantella zombies
  3 red wasp zombies (Spider:5)
  4 jumping spider zombies
  A griffon zombie (Lair:8)
  An elf skeleton (Lair:8)
  A trapdoor spider (Spider:5)
  A black mamba zombie (Lair:7)
  2 yaks (IceCv)
  A tarantella (Spider:3)
  4 redbacks
  A wolf (IceCv)
  2 spiny frog skeletons
  6 blink frog zombies
  An elephant zombie (Lair:8)
  A giant slug zombie (Lair:4)
  A troll zombie (Spider:1)
  6 spider zombies
  A boulder beetle zombie (Lair:8)
  A hippogriff zombie (Lair:3)
  6 orb spider zombies
  8 yak zombies
  A hippogriff skeleton (Lair:1)
  9 wolf zombies
  2 killer bees (Spider:5)
  4 yellow wasp zombies
  A giant frog zombie (Lair:4)
  A centaur zombie (D:15)
  A soldier ant zombie (Spider:2)
  A spider (Lair:4)
  A warg zombie (Orc:4)
  2 orc wizards
  A killer bee zombie (D:13)
  A porcupine zombie (Lair:3)
  A worker ant (Spider:5)
  A crocodile zombie (Lair:4)
  5 ogre zombies
  3 hound zombies
  4 worker ant zombies
  3 big fish zombies (D:10)
  49 orc zombies
  A worm zombie (Spider:3)
  2 goliath beetle zombies
  2 electric eel zombies
  An iguana zombie (D:9)
  A scorpion zombie (D:9)
  3 human skeletons (Lair:8)
  An orc (D:9)
  3 bat zombies
  A kobold (D:7)
  A giant gecko zombie (Lair:6)
  3 giant spores
  A goblin zombie (Orc:4)
  2 green rat zombies (Lair:4)
  2 hobgoblin zombies
  3 jackal zombies (Lair:5)
  A kobold zombie (D:12)
  4 orc skeletons
  A rat zombie (Lair:5)
  3 fungi
  2 plants
203 creatures vanquished.

Grand Total: 1653 creatures vanquished

Notes
Turn   | Place    | Note
--------------------------------------------------------------
     0 | D:1      | Malachi, the Lava Orc Necromancer, began the quest for the Orb.
     0 | D:1      | Reached XP level 1. HP: 14/14 MP: 3/3
    32 | D:1      | Reached XP level 2. HP: 14/20 MP: 1/4
   739 | D:2      | Reached XP level 3. HP: 20/26 MP: 1/5
   785 | D:2      | Learned a level 3 spell: Vampiric Draining
   998 | D:2      | Found a white marble altar of Elyvilon.
  1391 | D:2      | Reached skill level 5 in Necromancy
  1778 | D:3      | Noticed Sigmund
  1808 | D:3      | Killed Sigmund
  1808 | D:3      | Reached XP level 4. HP: 16/33 MP: 4/8
  1808 | D:3      | Reached XP level 5. HP: 12/38 MP: 4/9
  2395 | D:3      | Identified a +0 rod of striking (8/8) (You found it on level 3 of the Dungeon)
  3393 | D:3      | Learned a level 3 spell: Regeneration
  3411 | D:4      | Reached skill level 6 in Necromancy
  3411 | D:4      | Reached skill level 1 in Evocations
  3411 | D:4      | Reached XP level 6. HP: 26/45 MP: 11/11
  3836 | D:4      | Reached skill level 1 in Maces & Flails
  4039 | D:4      | Paralysed by a giant eyeball for 3 turns
  4047 | D:4      | Got a polished whip
  4048 | D:4      | Identified the cursed +3,+2 whip of Guaful {slash, Dex+2} (You took it off a goblin on level 4 of the Dungeon)
  4048 | D:4      | Identified the cursed +3,+2 whip of Guaful {slash, Dex+2} (You took it off a goblin on level 4 of the Dungeon)
  4182 | D:4      | Learned a level 1 spell: Animate Skeleton
  4186 | D:4      | Found a blossoming altar of Fedhas.
  4226 | D:4      | HP: 2/45 [worm (2)]
  4228 | D:4      | Found a basalt altar of Yredelemnul.
  4709 | D:4      | Found a sparkling altar of Nemelex Xobeh.
  4730 | D:4      | Noticed an ogre
  4739 | D:4      | Killed an ogre
  4739 | D:4      | Reached XP level 7. HP: 37/50 MP: 4/13
  4940 | D:5      | Entered Level 5 of the Dungeon
  5076 | D:5      | Found Giotiy's Antique Armour Shop.
  5095 | D:5      | Reached skill level 7 in Necromancy
  5148 | D:5      | Found a radiant altar of Vehumet.
  5317 | D:5      | Reached skill level 1 in Fighting
  5790 | D:6      | Found a glowing drain.
  5795 | Sewer    | Entered a sewer
  6421 | Sewer    | Reached XP level 8. HP: 45/59 MP: 8/15
  6770 | Sewer    | Reached skill level 1 in Charms
  7189 | D:6      | Reached skill level 8 in Necromancy
  8031 | D:7      | Found Woyqucsi's Gadget Emporium.
  8131 | D:7      | Noticed Menkaure
  8138 | D:7      | Killed Menkaure
  8804 | D:7      | Reached XP level 9. HP: 16/66 MP: 8/20
  8850 | D:7      | Found a snail-covered altar of Cheibriados.
  8984 | D:7      | Noticed Blork the orc
  9004 | D:7      | Killed Blork the orc
  9004 | D:7      | Reached skill level 9 in Necromancy
  9067 | D:7      | Found a staircase to the Ecumenical Temple.
  9076 | Temple   | Entered the Ecumenical Temple
  9273 | Temple   | Became a worshipper of Kikubaaqudgha
  9343 | D:7      | Got a crude scale mail
  9439 | D:7      | Reached skill level 5 in Spellcasting
  9687 | D:7      | Noticed Ijyb
  9698 | D:7      | Killed Ijyb
 10027 | D:7      | Noticed Pikel
 10045 | D:7      | Killed Pikel
 10045 | D:7      | Reached skill level 5 in Maces & Flails
 10297 | D:7      | Noticed Crazy Yiuf
 10312 | D:7      | Killed Crazy Yiuf
 10401 | D:8      | Noticed a cyclops
 10421 | D:8      | Killed a cyclops
 10626 | D:8      | Reached skill level 10 in Necromancy
 10626 | D:8      | Reached XP level 10. HP: 64/73 MP: 23/23
 10670 | D:8      | Acquired Kikubaaqudgha's first power
 10670 | D:8      | Received a gift from Kikubaaqudgha
 10671 | D:8      | Identified Kikubaaqudgha's Volume of Unholy Rites (Kikubaaqudgha gifted it to you on level 8 of the Dungeon)
 10833 | D:8      | Identified the +5 scale mail of Beogh's Castigation {Int+4} (You found it on level 7 of the Dungeon)
 11172 | D:8      | Got a polished dagger
 11318 | D:8      | Identified the cursed +2,-1 dagger of Laceration {flame, +Rage rPois} (You took it off a kobold on level 8 of the Dungeon)
 11318 | D:8      | Identified the cursed +2,-1 dagger of Laceration {flame, +Rage rPois} (You took it off a kobold on level 8 of the Dungeon)
 11451 | D:8      | Reached skill level 1 in Armour
 11582 | D:8      | Got a transparent turquoise ring
 11931 | D:9      | Learned a level 2 spell: Sublimation of Blood
 11936 | D:9      | Learned a level 4 spell: Animate Dead
 12136 | D:9      | Found a staircase to the Lair.
 12178 | D:9      | Acquired Kikubaaqudgha's second power
 12221 | D:9      | Reached skill level 5 in Armour
 12489 | D:9      | Reached skill level 11 in Necromancy
 12687 | D:9      | Found a glowing silver altar of Zin.
 12694 | D:9      | Found a burning altar of Makhleb.
 12697 | D:9      | Noticed an angel
 12697 | D:9      | Noticed an Executioner
 12825 | Lair:1   | Entered Level 1 of the Lair of Beasts
 12872 | Lair:1   | Noticed Gastronok
 12966 | Lair:1   | Killed Gastronok
 12966 | Lair:1   | Reached XP level 11. HP: 76/81 MP: 20/24
 13007 | Lair:1   | Identified the ring "Qesi" {rC+ Str+1 Int+3} (You found it on level 8 of the Dungeon)
 13487 | Lair:1   | Received a gift from Kikubaaqudgha
 13487 | Lair:1   | Reached skill level 5 in Fighting
 13490 | Lair:1   | Identified Kikubaaqudgha's Grimoire of Black Arts (Kikubaaqudgha gifted it to you on level 1 of the Lair of Beasts)
 14513 | Lair:1   | Learned a level 5 spell: Dispel Undead
 14554 | Lair:2   | Got a slimy broad axe
 14572 | Lair:2   | Identified the cursed +2,+0 broad axe of the Undead {elec, MR++} (You found it on level 2 of the Lair of Beasts)
 14855 | Lair:2   | Noticed a dragon
 14878 | Lair:2   | Killed a dragon
 14878 | Lair:2   | Reached skill level 12 in Necromancy
 15023 | Lair:2   | Acquired Kikubaaqudgha's third power
 15739 | Lair:3   | Noticed JacquesDerrida's ghost (powerful DsAr)
 16042 | Lair:3   | Killed JacquesDerrida's ghost
 16128 | Lair:3   | Noticed a six-headed hydra
 16429 | Lair:3   | Reached XP level 12. HP: 43/90 MP: 23/25
 16573 | Lair:3   | Killed a six-headed hydra
 16594 | Lair:3   | Found a frozen archway.
 16678 | IceCv    | Entered an ice cave
 16879 | IceCv    | Got a dazzling quarterstaff
 16999 | IceCv    | Identified the cursed +3,+0 quarterstaff of Evolution {vamp, +Fly rPois Str+3 SInv} (You found it in an ice cave)
 17053 | IceCv    | Reached skill level 10 in Armour
 17244 | IceCv    | Reached skill level 13 in Necromancy
 17616 | IceCv    | Noticed a white draconian
 17924 | IceCv    | Killed a white draconian
 18006 | Lair:3   | Noticed an eight-headed hydra
 18011 | Lair:3   | Killed an eight-headed hydra
 18681 | Lair:3   | Identified a +4 rod of fiery destruction (12/12) (You found it in an ice cave)
 18691 | Lair:4   | Noticed a four-headed hydra
 18705 | Lair:3   | Killed a four-headed hydra
 18817 | Lair:4   | Acquired Kikubaaqudgha's fourth power
 18841 | Lair:4   | Found a labyrinth entrance.
 18930 | Lair:4   | Reached skill level 14 in Necromancy
 19034 | Lair:4   | Noticed Nergalle
 19073 | Lair:4   | Killed Nergalle
 19379 | Lair:4   | Reached XP level 13. HP: 87/97 MP: 16/27
 19754 | Lair:5   | Found a hole to the Spider Nest.
 20234 | Lair:5   | Found a staircase to the Swamp.
 21101 | Lair:6   | Got a slimy glaive
 21102 | Lair:6   | Identified the +1,+2 glaive of the Sun {holy, *Rage Dex+3} (You found it on level 6 of the Lair of Beasts)
 21102 | Lair:6   | Identified the +1,+2 glaive of the Sun {holy, *Rage Dex+3} (You found it on level 6 of the Lair of Beasts)
 22355 | Lair:7   | Reached skill level 15 in Necromancy
 22483 | Lair:8   | Entered Level 8 of the Lair of Beasts
 22514 | Lair:8   | Reached skill level 10 in Maces & Flails
 23290 | Lair:8   | Reached XP level 14. HP: 83/106 MP: 21/27
 23344 | Lair:8   | Noticed a dire elephant
 23359 | Lair:8   | Killed a dire elephant
 23470 | Lair:8   | Learned a level 2 spell: Swiftness
 23472 | Lair:8   | Learned a level 1 spell: Apportation
 23758 | Lair:8   | Found a staircase to the Slime Pits.
 24310 | Temple   | Identified a +4,+6 whip of pain (a +4,+5 whip of electrocution bloodied by Kikubaaqudgha)
 24529 | D:10     | Entered Level 10 of the Dungeon
 24529 | D:10     | Noticed Erolcha
 24538 | D:10     | Killed Erolcha
 24663 | D:10     | Found a staircase to the Orcish Mines.
 25103 | D:10     | Noticed Maurice
 25319 | D:10     | Noticed Sonja
 25334 | D:10     | Cast into the Abyss (Sonja)
 25334 | Abyss:1  | Found a corrupted altar of Lugonu.
 25416 | Abyss:1  | Noticed a tentacled starspawn
 25474 | Abyss:1  | Noticed an angel
 25605 | D:10     | Escaped the Abyss
 25713 | D:10     | Your ally Erolcha died
 26147 | D:11     | Reached skill level 16 in Necromancy
 26676 | Orc:1    | Entered Level 1 of the Orcish Mines
 27629 | Orc:2    | Found an ancient bone altar of Kikubaaqudgha.
 28133 | Orc:3    | Found a staircase to the Elven Halls.
 28133 | Orc:3    | Found Neos' Magical Wand Emporium.
 28413 | Orc:3    | Reached XP level 15. HP: 115/115 MP: 27/30
 28552 | Orc:3    | Gained mutation: You have a slow metabolism. [potion of beneficial mutation]
 28658 | Orc:4    | Entered Level 4 of the Orcish Mines
 28699 | Orc:4    | Noticed Grum
 28710 | Orc:4    | Killed Grum
 28720 | Orc:4    | Found Cuil's Antique Weapon Emporium.
 28825 | Orc:4    | Noticed Donald
 29382 | Orc:3    | Killed Donald
 29507 | Orc:4    | Found a roughly hewn altar of Beogh.
 29668 | Orc:4    | Reached skill level 1 in Shields
 29676 | Orc:4    | Found a roughly hewn altar of Beogh.
 29701 | Orc:4    | Found Xauvauxt's Antique Armour Emporium.
 29706 | Orc:4    | Bought a pair of gauntlets for 21 gold pieces
 29716 | Orc:4    | Bought an encrusted scale mail for 239 gold pieces
 29731 | Orc:4    | Identified the cursed -2 scale mail "Wonuruuch" {+Blink SInv} (You bought it in a shop on level 4 of the Orcish Mines)
 29773 | Orc:4    | Found a roughly hewn altar of Beogh.
 29774 | Orc:4    | Noticed Urug
 29792 | Orc:4    | Killed Urug
 29989 | Orc:4    | Found a roughly hewn altar of Beogh.
 30002 | Orc:4    | Found Guing's Food Boutique.
 30095 | Orc:4    | Noticed Saint Roka
 30215 | Orc:3    | Killed Saint Roka
 30215 | Orc:3    | Reached skill level 5 in Shields
 30579 | Orc:4    | Found a roughly hewn altar of Beogh.
 30579 | Orc:4    | Found Qab Tuuc's Antique Weapon Emporium.
 30583 | Orc:4    | Found Miruh's Antique Armour Shoppe.
 30589 | Orc:4    | Bought an embroidered elven cloak for 34 gold pieces
 30705 | Orc:4    | Found a roughly hewn altar of Beogh.
 30942 | D:12     | Noticed Erica
 31210 | D:12     | Killed Erica
 31275 | D:12     | Found a shimmering altar of Xom.
 31392 | D:12     | Paralysed by a giant eyeball for 2 turns
 31401 | D:12     | Paralysed by a giant eyeball for 2 turns
 31880 | D:13     | Found a white marble altar of Elyvilon.
 31894 | D:13     | Found a burning altar of Makhleb.
 32300 | D:13     | Found a snail-covered altar of Cheibriados.
 32487 | D:13     | Found a blossoming altar of Fedhas.
 32608 | D:13     | Found a shattered altar of Ashenzari.
 32652 | D:13     | Found a shimmering altar of Xom.
 33224 | D:14     | Reached XP level 16. HP: 123/123 MP: 27/31
 33643 | D:14     | Reached skill level 10 in Shields
 34783 | Spider:1 | Entered Level 1 of the Spider Nest
 34994 | Spider:1 | Noticed Snorg
 35010 | Spider:1 | Killed Snorg
 35075 | Spider:1 | Noticed Nikola
 35091 | Spider:1 | Killed Nikola
 35102 | Spider:1 | Your ally Snorg died
 37509 | Spider:5 | Entered Level 5 of the Spider Nest
 38111 | Spider:5 | Reached skill level 15 in Shields
 38289 | Spider:5 | Got a gossamer rune of Zot
 38896 | Spider:5 | Noticed Wiglaf
 38912 | Spider:5 | Killed Wiglaf
 38912 | Spider:5 | Reached XP level 17. HP: 99/129 MP: 12/32
 39102 | Spider:5 | Identified a +1 rod of the swarm (11/11) (You found it on level 5 of the Spider Nest)
 39165 | Spider:5 | Noticed Arachne
 39174 | Spider:5 | Killed Arachne
 39660 | Spider:5 | Reached skill level 17 in Necromancy
 40461 | D:15     | Entered Level 15 of the Dungeon
 40524 | D:15     | Found an iron altar of Okawaru.
 40551 | D:15     | Noticed Fannar
 40562 | D:15     | Killed Fannar
 40614 | D:15     | Noticed Agnes
 40626 | D:15     | Killed Agnes
 40699 | D:15     | Noticed Louise
 40700 | D:15     | Cast into the Abyss (Louise)
 40779 | Abyss:1  | Gained mutation: [You are clumsy. (Dex -2)] [a neqoxec]
 40782 | Abyss:1  | Gained mutation: [Your magical capacity is low (-10% MP).] [a neqoxec]
 40862 | Abyss:1  | Killed from afar by a wretched star

Action                   |  1- 3 |  4- 6 |  7- 9 | 10-12 | 13-15 | 16-18 || total
-------------------------+-------+-------+-------+-------+-------+-------++-------
Melee: Unarmed           |     2 |       |       |       |       |       ||     2
       Whip              |    58 |    63 |   493 |  1021 |  1933 |  1217 ||  4785
       Rod               |       |   137 |       |       |       |       ||   137
 Cast: Pain              |    50 |    41 |    58 |    73 |     8 |    22 ||   252
       Vampiric Draining |     3 |    15 |    43 |    72 |    70 |    31 ||   234
       Regeneration      |       |     2 |    17 |    61 |    52 |    32 ||   164
       Animate Dead      |       |       |       |    21 |    76 |    80 ||   177
       Animate Skeleton  |       |       |       |     3 |       |       ||     3
       Dispel Undead     |       |       |       |     2 |    14 |     8 ||    24
       Swiftness         |       |       |       |       |     1 |       ||     1
Invok: Receive Corpses   |       |       |       |       |       |     1 ||     1
Evoke: Wand              |       |       |     2 |    17 |    12 |     2 ||    33
       Miscellaneous     |       |       |       |     1 |       |       ||     1
       Rod               |       |       |       |       |       |     2 ||     2
  Use: Scroll            |     7 |     2 |     9 |    23 |    17 |     8 ||    66
       Potion            |     2 |     4 |     1 |     3 |    13 |    10 ||    33
 Stab: Sleeping          |       |       |     5 |       |       |       ||     5
       Distracted        |       |       |       |     3 |     7 |     9 ||    19
       Paralysed         |       |       |       |     2 |       |       ||     2
       Fleeing           |       |       |       |     1 |     1 |       ||     2
       Invisible         |       |       |       |       |     3 |       ||     3
